 Dungeon Crawl Stone Soup version 0.28-a0-1234-g826d19b2e0 (webtiles) character file.

Game seed: 1212126638408177916

944 bearlyready the Grappler (level 7, -1/66 HPs)
             Began as a Troll Monk on Dec 23, 2021.
             Slain by a gnoll sergeant (5 damage)
             ... on level 5 of the Dungeon.
             The game lasted 00:03:23 (3054 turns).

bearlyready the Grappler (Troll Monk)               Turns: 3054, Time: 00:03:24

Health: -1/66      AC:  6    Str: 20    XL:     7   Next: 88%
Magic:  6/6        EV: 10    Int:  6    God:
Gold:   144        SH:  0    Dex: 14    Spells: 6/6 levels left

rFire   . . .      SeeInvis .     - Unarmed
rCold   . . .      Faith    .   (no shield)
rNeg    . . .      Spirit   .   k - +1 robe {Will+}
rPois   .          Reflect  .   (helmet restricted)
rElec   .          Harm     .   q - +0 cloak
rCorr   .          Rampage  .   (gloves unavailable)
Will    +....                   (boots unavailable)
Stlth   ++........              (no amulet)
HPRegen 1.01/turn               (no ring)
MPRegen 0.10/turn               (no ring)

@: lethally poisoned (-1 -> -5)
A: large, unfitting armour, claws 3, regeneration 1, shaggy fur 1, tough skin 1
a: no special abilities


You were on level 5 of the Dungeon.
You visited 1 branch of the dungeon, and saw 5 of its levels.

You collected 144 gold pieces.

Inventory:

Missiles
 r - 8 poisoned darts (quivered)
Armour
 a - a +0 robe
 g - a +0 animal skin
 k - a +1 robe of willpower (worn)
 q - a +0 cloak (worn)
 w - a +0 kite shield
Scrolls
 b - a scroll of vulnerability {unknown}
 c - a scroll of acquirement {unknown}
 h - 3 scrolls of fear {unknown}
 l - 2 scrolls of noise {unknown}
 o - a scroll of magic mapping {unknown}
 p - a scroll of blinking {unknown}
 x - a scroll of identify {unknown}
Potions
 d - 2 potions of flight {unknown}
 e - a potion of resistance {unknown}
 f - 2 potions of attraction {unknown}
 i - 2 potions of cancellation
 j - 2 potions of degeneration {unknown}
 m - 4 potions of haste {unknown}
 n - a potion of brilliance {unknown}
 s - a potion of ambrosia {unknown}
 u - a potion of lignification {unknown}
 v - a potion of might {unknown}


   Skills:
 - Level 2.4 Fighting
 - Level 2.4 Dodging
 - Level 1.0 Stealth
 + Level 1.3 Shields
 + Level 9.4 Unarmed Combat


You had 6 spell levels left.
You didn't know any spells.
Your spell library was empty.

Dungeon Overview and Level Annotations

Branches:
Dungeon (5/15)
 Temple: D:4-7

Altars:
Trog


Innate Abilities, Weirdness & Mutations

You are too large for most types of armour.
You have claws for hands.
Your natural rate of healing is unusually fast.
You are covered in fur. (AC +1)
You have tough skin. (AC +1)


Message History

The gnoll sergeant is heavily wounded.
The gnoll sergeant hits you with a +0 trident!
The gnoll closely misses you.
You claw the gnoll sergeant! Your claw misses the gnoll sergeant.
The gnoll sergeant is almost dead.
The gnoll sergeant hits you with a +0 trident!
The gnoll sergeant barely misses you. The gnoll hits you with a +0 flail.
A scorpion comes into view.
Throw: 2 javelins
Press: ? - help, Q - select action, (/) - cycle Shift-Dir - straight line, f - gnoll
Aim: a gnoll, wielding a +0 flail (63% to hit)
You throw a javelin.
The javelin pierces through the gnoll sergeant but does no damage.
The gnoll sergeant is almost dead.
The javelin pierces through the gnoll.
The gnoll is lightly wounded.
Throw: javelin
Press: ? - help, Q - select action, (/) - cycle Shift-Dir - straight line, f/p - gnoll
Aim: a gnoll, wielding a +0 flail (lightly wounded, 63% to hit)
You throw a javelin.
The javelin closely misses the gnoll sergeant.
The javelin pierces through the gnoll!
The gnoll is severely wounded.
The gnoll sergeant hits you from afar with a +0 trident!
The scorpion barely misses you.
The gnoll sergeant hits you from afar with a +0 trident.
* * * LOW HITPOINT WARNING * * *
The scorpion stings you.
* * * LOW HITPOINT WARNING * * *
The scorpion stings you.
* * * LOW HITPOINT WARNING * * *
You are poisoned.
The scorpion poisons you!
It was a potion of cancellation.
You feel magically purged.
You feel very sick. The scorpion stings you.
* * * LOW HITPOINT WARNING * * *
The gnoll sergeant hits you from afar with a +0 trident.
You die...

### #.# #####.# #.. ..#
##.# #.# .. #).###.# #..
#.@.gg(######## #..
##.s####)..(...# ##. ##..##
#.......# #.. ###..##
#......<# #.. #....#
....##### #..
...##>#.######...## #..
........#......### #..
.#..[......#### ##.
......#......##############


You could see a gnoll sergeant, a scorpion and a gnoll.

Vanquished Creatures
  Sigmund (D:2)
  Menkaure (D:4)
  Edmund (D:4)
  A black bear (D:3)
  2 sky beasts
  A gnoll sergeant (D:4)
  Jessica (D:2)
  An iguana (D:5)
  Robin (D:2)
  2 adders
  5 gnolls
  3 worms
  4 dart slugs
  An orc (D:3)
  3 ball pythons
  6 endoplasms
  17 goblins
  9 hobgoblins
  3 jackals (D:2)
  3 kobolds
  3 quokkas
  7 bats
  4 frilled lizards
  7 rats
87 creatures vanquished.

Notes
Turn   | Place    | Note
-------+----------+-------------------------------------------
     0 | D:1      | bearlyready the Troll Monk began the quest for the Orb.
     0 | D:1      | Reached XP level 1. HP: 22/22 MP: 0/0
   235 | D:1      | Reached XP level 2. HP: 29/29 MP: 1/1
   442 | D:1      | Reached skill level 4 in Unarmed Combat
   768 | D:2      | Noticed Jessica
   778 | D:2      | Killed Jessica
   779 | D:2      | Reached XP level 3. HP: 20/36 MP: 2/2
   929 | D:2      | Reached XP level 4. HP: 44/44 MP: 3/3
   934 | D:2      | Reached skill level 5 in Unarmed Combat
   936 | D:2      | Noticed Robin
   984 | D:2      | Killed Robin
  1069 | D:2      | Noticed Sigmund
  1079 | D:2      | Killed Sigmund
  1080 | D:2      | Reached skill level 6 in Unarmed Combat
  1080 | D:2      | Reached XP level 5. HP: 50/50 MP: 4/4
  1424 | D:2      | Found a faded altar of an unknown god.
  1487 | D:3      | Reached XP level 6. HP: 59/59 MP: 5/5
  1797 | D:3      | Reached skill level 7 in Unarmed Combat
  1934 | D:3      | Noticed a sky beast
  1944 | D:3      | Killed a sky beast
  2316 | D:4      | Noticed Menkaure
  2322 | D:4      | Killed Menkaure
  2323 | D:4      | Reached skill level 8 in Unarmed Combat
  2323 | D:4      | Reached XP level 7. HP: 18/66 MP: 6/6
  2452 | D:4      | Found a bloodstained altar of Trog.
  2693 | D:4      | Noticed Edmund
  2699 | D:4      | Killed Edmund
  2763 | D:4      | Reached skill level 9 in Unarmed Combat
  2947 | D:5      | Entered Level 5 of the Dungeon
  2955 | D:5      | Reached skill level 1 in Shields
  3054 | D:5      | Slain by a gnoll sergeant

Illustrated notes

Levels and vault maps discovered:
D:1:      dpeg_arrival_snail, layout_loops_ring, minivault_26,
          minmay_misc_feat_pillars
D:2:      layout_loops_ring, shapermc_ecumenical_altar_mp_vishouse,
          chequers_serial_rivers_micro_c, minivault_24, uniq_sigmund,
          uniq_jessica, uniq_robin
D:3:      layout_loops_ring
D:4:      layout_basic, mainiacjoe_overflow_alcove_1, uniq_menkaure, uniq_edmund
D:5:      layout_rooms, mainiacjoe_overflow_brackets, lemuel_round_altar,
          minmay_temple_entry_poolview

Skill      XL: |  1  2  3  4  5  6  7 |
---------------+----------------------+-----
Unarmed Combat | 4 6 8 9 |  9.4
Shields        | 1 |  1.3
Fighting       | |  2.4
Dodging        | |  2.4
Stealth        | |  1.0

Action                   |  1- 3 |  4- 6 |  7- 9 || total
-------------------------+-------+-------+-------++-------
Melee: Unarmed           |    97 |   100 |    49 ||   246
       Punch             |     1 |     5 |     1 ||     7
Throw: Dart              |       |    10 |       ||    10
       Javelin           |       |     3 |     2 ||     5
  Use: Potion            |       |       |     1 ||     1
 Stab: Sleeping          |     3 |     6 |     1 ||    10
Armor: Robe              |    39 |    27 |     9 ||    75
       Animal skin       |       |     3 |       ||     3
Dodge: Dodged            |    62 |    48 |    24 ||   134

Table legend: (Time is in decaauts)
 A = Elapsed time spent in this place.
 B = Non-inter-level travel time spent in this place.
 C = Inter-level travel time spent in this place.
 D = Time resting spent in this place.
 E = Time spent auto-exploring this place.
 F = Levels seen in this place.
 G = Mean time per level.
                   A        B        C        D        E       F      G
               +--------+--------+--------+--------+--------+-----+--------+
         Total |   3036 |   2900 |    136 |     45 |   2172 |   5 |  607.2 |
       Dungeon |   3036 |   2900 |    136 |     45 |   2172 |   5 |  607.2 |
               +--------+--------+--------+--------+--------+-----+--------+

Top non-repeatable levels by time:
     D:3: 788 daAuts
     D:2: 733 daAuts
     D:1: 721 daAuts
     D:4: 690 daAuts
     D:5: 103 daAuts
